Cogmind - Beta 13 @@@ ROGUE MODE // 2024.04.06 @ 18:15:56 Player: michaelman Result: Destroyed by Y-45 Defender with Heavy Assault Rifle Performance ------------- Evolutions (1) 500 Regions Visited (4) 800 Robots Destroyed (25) 125 Value Destroyed (974) 974 Prototype IDs (0) 0 Alien Tech Used (0) 0 Bonus (200) 200 TOTAL SCORE: 2599 Bonus ------- Entered Garrisons 200 Cogmind --------- Core Integrity 0/400 Matter 282/300 Energy 244/250 System Corruption 7% Temperature Cool (12) Movement Treading (160) Location -9/Garrison Parts ------- > --- POWER (1) -------- Ion Engine > --- PROPULSION (3) --- Light Treads Light Treads Light Treads > --- UTILITY (2) ------ Large Storage Unit Weight Redist. System > --- WEAPON (3) ------- Small Laser Light Assault Rifle Heavy Assault Rifle > --- INVENTORY (15) --- Light Ion Engine Light Treads Light Treads Aluminum Leg Small Storage Unit Relay Coupler [NC] (23) Relay Coupler [Swarmer] (42) Light Assault Rifle Plasma Cutter Peak State ------------ > --- POWER ------------ Ion Engine > --- PROPULSION ------- Light Treads Light Treads Light Treads > --- UTILITY ---------- Large Storage Unit Weight Redist. System > --- WEAPON ----------- Pulse Rifle Light Assault Rifle Heavy Assault Rifle > --- INVENTORY -------- Ion Engine Light Ion Engine Light Treads Small Storage Unit Relay Coupler [NC] Relay Coupler [Swarmer] Plasma Cutter [Rating: 14] Favorites ----------- Power Ion Engine Engine Ion Engine Propulsion Aluminum Leg Treads Light Treads Leg Aluminum Leg Utility Large Storage Unit Device Structural Scanner Storage Large Storage Unit Weapon Light Assault Rifle Energy Gun Medium Laser Energy Cannon Particle Cannon Ballistic Gun Light Assault Rifle Special Weapon Plasma Cutter Build | -11 -10 -9 -9 -9 ------- Run | Yrd Mat Mat Sto Gar Slots Evolved 2 | . . 2 . . Power . | . . . . . Propulsion 1 | . . 1 . . Utility . | . . . . . Weapon 1 | . . 1 . . Parts Attached 34 | 6 2 9 . 17 Power 4 | 1 . 1 . 2 Engine 4 | 1 . 1 . 2 Core . | . . . . . Reactor . | . . . . . Propulsion 12 | 2 1 3 . 6 Treads 6 | . . 3 . 3 Leg 6 | 2 1 . . 3 Wheel . | . . . . . Hover . | . . . . . Flight . | . . . . . Utility 4 | 1 1 1 . 1 Device 2 | . . 1 . 1 Storage 2 | 1 1 . . . Processor . | . . . . . Hackware . | . . . . . Protection . | . . . . . Artifact . | . . . . . Weapon 14 | 2 . 4 . 8 Energy Gun 7 | 1 . 1 . 5 Energy Cannon 1 | . . . . 1 Ballistic Gun 5 | 1 . 2 . 2 Ballistic Cannon . | . . . . . Launcher . | . . . . . Special Weapon 1 | . . 1 . . Impact Weapon . | . . . . . Slashing Weapon . | . . . . . Piercing Weapon . | . . . . . Special Melee Weapon . | . . . . . Unidentified Prototypes . | . . . . . Parts Lost 6 | . 2 . . 4 Power . | . . . . . Propulsion 3 | . 2 . . 1 Utility 1 | . . . . 1 Weapon 2 | . . . . 2 Highest Loss Streak 4 | . 1 . . 4 To Critical Strikes 2 | . 1 . . 1 Average Slot Usage (%) 90 | . 83 97 100 96 Engine 12 | . 14 11 11 11 Treads 10 | . . 31 33 13 Leg 19 | . 26 . . 18 Device 5 | . . 10 11 9 Storage 12 | . 14 11 11 11 Energy Gun 15 | . 14 13 22 18 Energy Cannon 1 | . . . . 2 Ballistic Gun 13 | . 14 17 11 10 Naked Turns . | . . . . . Heaviest Build 35 | 13 28 35 35 35 Greatest Support 66 | 20 20 60 60 66 Greatest Overweight (x) 9 | . 2 1 . 9 Average Overweight (x) . | . . . . . Largest Inventory Capacity 15 | 8 15 15 15 15 Average Capacity 14 | 6 14 15 15 15 Most Carried 15 | 6 12 15 14 15 Average Carried 10 | 3 9 12 13 12 Final Capacity 15 | 8 15 15 15 15 Final Carried 14 | 4 11 13 14 9 Class Distribution -------------------- 52% | Mutant 19% | Scavenger-Skirmisher 17% | Skirmisher 8% | Scavenger-Gunner Dominant Class ---------------- Mutant | -10/Materials Skirmisher | -9/Materials Skirmisher | -9/Storage Scavenger-Skirmisher | -9/Garrison Resources | -11 -10 -9 -9 -9 ----------- Run | Yrd Mat Mat Sto Gar Matter Collected 737 | 260 38 53 . 386 Remotely . | . . . . . Salvage Created 716 | . 202 53 . 461 Parts 55 | . 18 5 . 32 Haulers Intercepted . | . . . . . Recyclers Shooed . | . . . . . Parts Field Recycled . | . . . . . Retrieved Matter . | . . . . . Parts Self-Destructed . | . . . . . Prevented . | . . . . . Kills | -11 -10 -9 -9 -9 ------- Run | Yrd Mat Mat Sto Gar Combat Hostiles Destroyed 23 | . 8 1 . 14 Guns 22 | . 8 1 . 13 Cannons 1 | . . . . 1 Classes Destroyed 5 | . 3 1 . 1 Watcher 2 | . 2 . . . Swarmer 11 | . 6 . . 5 Grunt 9 | . 2 . . 7 Brawler 1 | . . . . 1 Sentry 2 | . . 1 . 1 Best Kill Streak 4 | . 3 1 . 4 Combat Bots Only 4 | . 3 1 . 4 Max Kills in Single Turn 3 | . 1 1 . 3 Gunslinging 1 | . . . . 1 Exploded . | . . . . . Melee . | . . . . . Uniques/NPCs Destroyed . | . . . . . Combat | -11 -10 -9 -9 -9 -------- Run | Yrd Mat Mat Sto Gar Hostile Shots Fired 152 | . 55 2 . 95 Missed 38 | . 17 . . 21 Damage Taken 1469 | . 375 32 . 1062 Core 492 | . 88 15 . 389 Absorbed by Shields . | . . . . . Core Remaining (%) 82 | 100 64 . . . Volleys Fired 62 | . 25 2 . 35 Largest 3 | . 2 3 . 3 Hottest 148 | . 70 120 . 148 Shots Fired 151 | . 50 4 . 97 Gun 136 | . 50 3 . 83 Cannon 14 | . . . . 14 Launcher . | . . . . . Special 1 | . . 1 . . Kinetic 49 | . 25 1 . 23 Thermal 102 | . 25 3 . 74 Explosive . | . . . . . Electromagnetic . | . . . . . Robot Hit Streak 6 | . 6 3 . 6 Robot Miss Streak 4 | . 4 . . 4 Penetration Max . | . . . . . Secondary Targets 3 | . . . . 3 Max Gunslinging Chain 1 | . . . . 1 Shots Hit Robots 73 | . 24 3 . 46 Core Hits 37 | . 13 2 . 22 Critical Kills . | . . . . . Critical Parts Destroyed . | . . . . . Critical Strikes 2 | . 2 . . . Burn 2 | . 2 . . . Melee Attacks . | . . . . . Impact . | . . . . . Slashing . | . . . . . Piercing . | . . . . . Sneak Attacks . | . . . . . Combat Hostiles . | . . . . . Follow-up Attacks . | . . . . . Damage Inflicted 953 | . 244 31 . 678 Guns 851 | . 244 31 . 576 Cannons 102 | . . . . 102 Explosions . | . . . . . Melee . | . . . . . Ramming . | . . . . . Kinetic 253 | . 106 6 . 141 Thermal 700 | . 138 25 . 537 Explosive . | . . . . . Electromagnetic . | . . . . . Impact . | . . . . . Slashing . | . . . . . Piercing . | . . . . . Highest Corruption 7 | . . . . 7 Average Corruption 6 | . . . . 6 Corruption Purged . | . . . . . Corruption Blocked . | . . . . . Effects 10 | . . . . 10 Message Errors 2 | . . . . 2 Matter Fused 3 | . . . . 3 Energy Discharges 1 | . . . . 1 Data Loss (minor) 1 | . . . . 1 Data Loss (major) 1 | . . . . 1 Misfires 1 | . . . . 1 Weapon Failures 1 | . . . . 1 Overload Shots . | . . . . . Overflow Damage . | . . . . . Projectiles . | . . . . . Explosions . | . . . . . Melee . | . . . . . Knockbacks . | . . . . . Impact . | . . . . . Kinetic . | . . . . . Secondary . | . . . . . Self-Inflicted Damage . | . . . . . Shots . | . . . . . Rammed . | . . . . . Targets Rammed . | . . . . . Kicked . | . . . . . Crushed . | . . . . . Highest Temperature 736 | . 166 51 . 736 Average Temperature 199 | . 46 28 . 278 Received Heat Transfer 510 | . 132 9 . 369 Effects 46 | . . . . 46 Shutdowns 7 | . . . . 7 Energy Bleed 3 | . . . . 3 Interference 1 | . . . . 1 Matter Decay 3 | . . . . 3 Short Circuit 5 | . . . . 5 Damage (minor) 3 | . . . . 3 Damage (major) 20 | . . . . 20 Damage (core) 4 | . . . . 4 Siege Activations . | . . . . . Robots Corrupted . | . . . . . Combat Hostiles . | . . . . . Parts Fried . | . . . . . Impact Corruptions . | . . . . . Robots Melted . | . . . . . Combat Hostiles . | . . . . . Parts Melted 6 | . 2 . . 4 Heat Transferred 1895 | . 555 74 . 1266 Parts Sabotaged . | . . . . . Parts Stolen . | . . . . . Parts Stripped . | . . . . . Power Chain Reactions . | . . . . . Alert | -11 -10 -9 -9 -9 ------- Run | Yrd Mat Mat Sto Gar Peak Influence 441 | . 140 62 26 441 Initial 26 | . . 17 26 16 Average 106 | . 59 32 26 211 Maximum Alert Level 2 | . . . . 2 Low Security (%) 82 | 100 100 100 100 49 Level 1 17 | . . . . 49 Level 2 . | . . . . 1 Level 3 . | . . . . . Level 4 . | . . . . . Level 5 . | . . . . . High Security . | . . . . . Max Security . | . . . . . Squads Dispatched 1 | . 1 . . . Investigation 1 | . 1 . . . Extermination . | . . . . . Reinforcement . | . . . . . Assault . | . . . . . Garrison . | . . . . . Intercept . | . . . . . Searches Triggered . | . . . . . Construction Impeded . | . . . . . Haulers Reinforced . | . . . . . Active Scanning Responses . | . . . . . Cargo Convoy Interrupts . | . . . . . Stealth | -11 -10 -9 -9 -9 --------- Run | Yrd Mat Mat Sto Gar Distress Signals 3 | . 2 1 . . Communications Jammed . | . . . . . Distress Signals . | . . . . . Times Spotted 34 | . 15 2 . 17 Peak Tracking Total 4 | . 4 2 . 4 Tactical Retreats 2 | . 1 . . 1 Traps | -11 -10 -9 -9 -9 ------- Run | Yrd Mat Mat Sto Gar Traps Triggered 1 | . 1 . . . Indirectly . | . . . . . Trap Hack Attempts . | . . . . . Triggered . | . . . . . Disarmed . | . . . . . Reprogrammed . | . . . . . Reused . | . . . . . Traps Extracted . | . . . . . Installed . | . . . . . Triggered . | . . . . . Machines | -11 -10 -9 -9 -9 ---------- Run | Yrd Mat Mat Sto Gar Machines Disabled 2 | . . . . 2 Max in Single Turn 1 | . . . . 1 Garrison Relay 2 | . . . . 2 Machines Repaired . | . . . . . Machines Dismantled . | . . . . . Machines Sabotaged . | . . . . . Overloaded Fab Kills . | . . . . . Hacking | -11 -10 -9 -9 -9 --------- Run | Yrd Mat Mat Sto Gar Machines Accessed 2 | . . . 1 1 Terminals 1 | . . . . 1 Fabricators . | . . . . . Repair Stations . | . . . . . Recycling Units . | . . . . . Scanalyzers . | . . . . . Garrison Access 1 | . . . 1 . Total Hacks 4 | . . . 2 2 Successful 2 | . . . 1 1 Failed 2 | . . . 1 1 Catastrophic . | . . . . . Database Lockouts . | . . . . . Manual . | . . . . . Terminals 2 | . . . . 2 Fabricators . | . . . . . Repair Stations . | . . . . . Recycling Units . | . . . . . Scanalyzers . | . . . . . Garrison Access 2 | . . . 2 . Terminal Hacks 1 | . . . . 1 Patrol Navigation 1 | . . . . 1 Fabricator Hacks . | . . . . . Repair Station Hacks . | . . . . . Recycling Unit Hacks . | . . . . . Scanalyzer . | . . . . . Garrison Access Hacks 1 | . . . 1 . Unlock Access 1 | . . . 1 . Unauthorized Hacks . | . . . . . Terminals . | . . . . . Fabricators . | . . . . . Repair Stations . | . . . . . Recycling Units . | . . . . . Scanalyzers . | . . . . . Garrison Access . | . . . . . Data Cores Recovered . | . . . . . Used . | . . . . . Hacking Detections 2 | . . . 1 1 Full Trace Events . | . . . . . Feedback Events . | . . . . . Feedback Blocked . | . . . . . Robot Schematics Acquired . | . . . . . Robots Built . | . . . . . Authchips . | . . . . . Time . | . . . . . Total Robot Build Rating . | . . . . . Part Schematics Acquired . | . . . . . Parts Built . | . . . . . Authchips . | . . . . . Time . | . . . . . Total Part Build Rating . | . . . . . Parts Repaired . | . . . . . Time . | . . . . . Parts Recycled . | . . . . . Recycled Matter . | . . . . . Retrieved Matter . | . . . . . Retrieved Components . | . . . . . Parts Scanalyzed . | . . . . . Part Schematics Acquired . | . . . . . Parts Damaged . | . . . . . Bothacking | -11 -10 -9 -9 -9 ------------ Run | Yrd Mat Mat Sto Gar Used RIF Installer . | . . . . . Robots Hacked . | . . . . . Non-combat . | . . . . . Combat . | . . . . . Robot Hacks Applied . | . . . . . Relay Couplers Released 9 | . . . . 9 Machine Destruction 9 | . . . . 9 Fabnet Peak Effective % . | . . . . . Robots Rewired . | . . . . . Allies Hacked . | . . . . . Hacks Repelled . | . . . . . Allies | -11 -10 -9 -9 -9 -------- Run | Yrd Mat Mat Sto Gar Total Allies . | . . . . . Largest Group . | . . . . . Highest-Rated Group . | . . . . . Highest-Rated Ally . | . . . . . Total Orders . | . . . . . Ally Attacks . | . . . . . Total Damage . | . . . . . Kills . | . . . . . Allies Corrupted . | . . . . . Allies Melted . | . . . . . Intel | -11 -10 -9 -9 -9 ------- Run | Yrd Mat Mat Sto Gar Robot Analysis Total . | . . . . . Derelict Logs Recovered . | . . . . . Drone Launches . | . . . . . Drone Recoveries . | . . . . . Exploration | -11 -10 -9 -9 -9 ------------- Run | Yrd Mat Mat Sto Gar Turns Passed 2001 | 70 916 265 49 701 Spaces Moved 983 | 54 444 148 31 306 Core 18 | 15 . . . 3 Treads 313 | . . 148 31 134 Legs 652 | 39 444 . . 169 Wheels . | . . . . . Hover . | . . . . . Flight . | . . . . . Fastest Speed 50 | 50 120 160 160 160 Average Speed 176 | 100 188 162 160 180 Slowest Speed 500 | 120 260 240 160 500 Overloaded Moves . | . . . . . Propulsion Burnouts . | . . . . . Robots Hopped . | . . . . . Cave-ins Triggered . | . . . . . Exploration Rate (%) 17 | 5 35 11 8 30 Regions Visited 4 Branch Regions 1 Pre-discovered Areas . | . . . . . Known Exits Taken 1 | . . . 1 . Unknown Exits Taken 3 | 1 1 1 . . Scrap Searched . | . . . . . Spaces Dug . | . . . . . Terrain Destroyed . | . . . . . Melee . | . . . . . Projectile . | . . . . . AOE . | . . . . . Terrain Rammed . | . . . . . Walls Destroyed . | . . . . . Machines Disabled . | . . . . . Actions | -11 -10 -9 -9 -9 --------- Run | Yrd Mat Mat Sto Gar Total 1129 | 69 478 170 31 381 Wait . | . . . . . Move 979 | 53 443 147 30 306 Hop . | . . . . . Pick Up 38 | 10 8 8 1 11 Fast Attach . | . . . . . Attach 19 | 6 1 4 . 8 Detach . | . . . . . Swap 15 | . 1 5 . 9 Drop 16 | . . 4 . 12 Fire 62 | . 25 2 . 35 Melee . | . . . . . Ram . | . . . . . Kick . | . . . . . Crush . | . . . . . Escape Stasis . | . . . . . Rewire . | . . . . . Trap . | . . . . . Miscellaneous . | . . . . . Route ------- -11/Scrapyard -10/Materials -9/Materials -9/Storage -9/Garrison History --------- Turn | Location | Event 5 | -11/Scrapyard | Discovered new exit (range 15) 71 | -11/Scrapyard | Entered Materials 316 | -10/Materials | Build established: Mutant 966 | -10/Materials | Discovered new exit (range 6) 987 | -10/Materials | Entered another Materials area 987 | -9/Materials | Evolved 2 slots: Propulsion x1, Weapon x1 1240 | -9/Materials | Discovered new exit (range 6) 1252 | -9/Materials | Entered Storage 1292 | -9/Storage | Build established: Skirmisher 1297 | -9/Storage | Identified exit to Garrison 1301 | -9/Storage | Entered Garrison 1318 | -9/Garrison | Triggered checkpoint 1486 | -9/Garrison | Triggered checkpoint 1536 | -9/Garrison | Triggered checkpoint 1575 | -9/Garrison | Garrison Relay disabled 1653 | -9/Garrison | Build established: Scavenger-Skirmisher 1727 | -9/Garrison | Triggered checkpoint 1758 | -9/Garrison | Core integrity fell below 50% 1780 | -9/Garrison | Core integrity fell below 20% 1795 | -9/Garrison | Lost 4 parts (1n1u2w) 1924 | -9/Garrison | Triggered checkpoint 1993 | -9/Garrison | Garrison Relay disabled 2002 | -9/Garrison | Destroyed by Y-45 Defender with Heavy Assault Rifle Last Messages --------------- 01858_ Dropped Pulse Rifle. 01868_ Acquired Lgt. Assault Rifle. 01894_ System corrupted: Energy discharge (-80). 01909_ System corrupted: Matter fused (-9). 01933_ DAVLEMANK1CH5E>EWAPDHU%LF1 01946_ Connecting with Garrison Terminal... >>Download(Navigation) Retrieving Recycling patrol records... Downloaded protocol data. 01967_ System corrupted: FCS attempts to trigger Lgt. Assault Rifle. 01967_ System corrupted: Lgt. Assault Rifle misfires. 01993_ Garrison Relay disabled. 01993_ Relay Coupler [Sentry] tumbles out of relay unit. 01993_ Relay Coupler [Grunt] tumbles out of relay unit. 01993_ Relay Coupler [NC] tumbles out of relay unit. Map ----- +----------------------------------------------------+ | ## ###?????????????????????????????????????? | | ^^## #???????????????????????????????????????? | | #???????????????????????????????????????? | | #???????????????????????????????????????? | | #???????????????????????????????????????? | | """"## #???????????????????????????????????????? | | ?????# #???????????????????????????????????????? | | ?????# #???????????????????????????????????????? | | ?????# #???????????????????????????????????????? | | ?????# #???????????????????????????????????????? | | ?????# ########????????????????????????????????? | | ?????# #????????????????????????????????? | | ?????# ###### #????????????????????????????????? | | ?????# #????# #????????????????????????????????? | | ?????# #????# #????????????????????????????????? | | ?????# ###### ##############???????????????????? | | ?????# ????????????????? | | ?????# ????????????????? | | ?????# ????????????????? | | ?????########## ############### ?????????????????? | | ??????????????# #????????????????????????????????? | | ??????????????# #????????????????????????????????? | | ??????????????# ######???????????????????????????? | | ??????????????# ## #???????????????????????????? | | ??????????????# ## #######?????????????????????? | | ??????????????# ^ Y @ #?????????????????????? | | ??????????????##### ####" #???#####?????????????? | | ??????????????????# ##?#"! #####!!!#?????????????? | | ??????????????????# "#?# ! + !#?????????????? | | ??????????????????# T#?#"! #####!!!#?????????????? | | ??????????????????#""#?#" !#???#####?????????????? | | ??????????????????####?# ""#?????????????????????? | | ???????????????????????#####?????????????????????? | | ?????????????????????????????????????????????????? | | ?????????????????????????????????????????????????? | | ?????????????????????????????????????????????????? | | ?????????????????????????????????????????????????? | | ?????????????????????????????????????????????????? | | ?????????????????????????????????????????????????? | | ?????????????????????????????????????????????????? | | ?????????????????????????????????????????????????? | | ?????????????????????????????????????????????????? | | ?????????????????????????????????????????????????? | | ?????????????????????????????????????????????????? | | ?????????????????????????????????????????????????? | | ?????????????????????????????????????????????????? | | ?????????????????????????????????????????????????? | | ?????????????????????????????????????????????????? | | | | | +----------------------------------------------------+ Best States ------------- Heat Dissipation 28 Energy Generation 12 Energy Capacity 265 Matter Stores 300 Matter Capacity 300 Sight Range 16 Terrain Scan Density 10 Additional Mass Support 6 Evasion (%) 55 Recoil Reduction 3 Item Schematics ----------------- None Robot Schematics ------------------ None Fabricated ------------ Nothing Alien Tech Used ----------------- None Achievements -------------- None Challenges ------------ None Game ------ Seed BladeActiveBuckler Manual? 0 Play Time 00:19:46 Cumulative 3.2 hours Start 2024.04.06 @ 17:55:06 End 2024.04.06 @ 18:15:56 Sessions 1 Manual Loads 0 Difficulty Rogue Special Mode None Game No. 5 Rogue 5 Adventurer 0 Explorer 0 Win Type - Total 0 Types 0/0/0/0/0/0/0/0/0 Lore% 2 Gallery% 6 Achievement% 9 Wizard Run 0 Options --------- Layout 1 ASCII 0 Keyboard 0 Movement Mouse Keybinds 0 Fullscreen 1 Font 24/Swanston Map View 50x35 Zoom Use 0% Tactical HUD 1 Map Filters NONE Filters NONE Steam 1 RUN: e89798fe-dfa9-4fd7-8468-a877cf899b7e